 Dungeon Crawl Stone Soup version 0.22-a0-135-g6f012ad (webtiles) character file.

17 Azzok the Vexing (level 2, -3/15 HPs)
             Began as a Deep Elf Enchanter on Feb 1, 2018.
             Slain by a hobgoblin (4 damage)
             ... on level 1 of the Dungeon.
             The game lasted 00:01:24 (569 turns).

Azzok the Vexing (Deep Elf Enchanter)                Turns: 569, Time: 00:01:24

Health: -3/15      AC:  2    Str:  5    XL:     2   Next: 44%
Magic:  0/8        EV: 13    Int: 19    God:
Gold:   71         SH:  0    Dex: 15    Spells: 4/7 levels left

rFire    . . .     SeeInvis .   a - +1 dagger
rCold    . . .     Gourm    .   (no shield)
rNeg     . . .     Faith    .   b - +0 robe
rPois    .         Spirit   .   (no helmet)
rElec    .         Reflect  .   (no cloak)
rCorr    .         Harm     .   (no gloves)
MR       .....                  (no boots)
Stlth    +++.......             (no amulet)
HPRegen  0.05/turn              (no ring)
MPRegen  0.11/turn              (no ring)

@: no status effects
A: no striking features
a: no special abilities


You were on level 1 of the Dungeon.
You were not hungry.

You visited 1 branch of the dungeon, and saw 1 of its levels.

You collected 71 gold pieces.

Inventory:

Hand Weapons
 a - a +1 dagger (weapon)
Armour
 b - a +0 robe (worn)
Scrolls
 h - 2 scrolls of teleportation {unknown}
 i - a scroll of remove curse {unknown}
 l - a scroll of identify {unknown}
Potions
 e - a potion of heal wounds {unknown}
 g - a potion of ambrosia {unknown}
 j - a potion of cancellation {unknown}
 k - a potion of mutation {unknown}
Books
 c - a book of Maledictions

   Spells                             Type                      Level
   a - Corona                         Hexes                        1
   b - Ensorcelled Hibernation        Hexes/Ice                    2
   c - Confuse                        Hexes                        3
   d - Tukima's Dance                 Hexes                        3
   e - Dazzling Spray                 Conjuration/Hexes            3
Comestibles
 d - a ration
 f - a chunk of flesh


   Skills:
 * Level 1.9 Short Blades
 - Level 2.4 Dodging
 + Level 4.0 Stealth
 - Level 3.0 Spellcasting
 + Level 4.3 Hexes


You had 4 spell levels left.
You knew the following spells:

 Your Spells              Type           Power        Failure   Level  Hunger
a - Corona                Hex            ###....      2%          1    None
b - Ensorcelled Hibernat  Hex/Ice        ##....       10%         2    ##.....


Dungeon Overview and Level Annotations

Branches:
Dungeon (1/15)

Altars:


Message History

The hobgoblin barely resists.
* * * LOW MAGIC WARNING * * *
The hobgoblin hits you.
You barely miss the hobgoblin. The hobgoblin closely misses you.
You barely miss the hobgoblin. The hobgoblin closely misses you.
You hit the hobgoblin but do no damage. The hobgoblin hits you.
* * * LOW HITPOINT WARNING * * *
You barely miss the hobgoblin. The hobgoblin barely misses you.
You hit the hobgoblin but do no damage. The hobgoblin closely misses you.
Casting: Corona (safe; 2% risk of failure)
Confirm with . or Enter, or press ? or * to list all spells.
Aiming: Corona (safe; 2% risk of failure)
Press: ? - help, Shift-Dir - straight line, f/p - hobgoblin
Aim: a hobgoblin (chance to defeat MR: 73%)
The hobgoblin is outlined in light.
* * * LOW MAGIC WARNING * * *
The hobgoblin hits you.
* * * LOW HITPOINT WARNING * * *
You hit the hobgoblin but do no damage. The hobgoblin hits you.
You die...

▒·▒·······▒ ▒·▒
▒·▒·····▒·▒ ▒·▒ ▒
▒·▒·····▒·▒ ▒▒·▒▒▒
▒·▒▒▒▒▒▒▒▒ ▒·▒▒▒▒▒▒▒·▒
▒····· ▒▒········▒▒▒·▒
▒·▒ ▒··▒▒▒
····?·········▒ ▒▒▒·▒
▒··▒ ▒▒▒▒▒▒▒▒▒·▒▒▒▒▒
▒▒···▒▒ ▒··▒ ▒
▒·▒▒▒▒▒▒▒▒·▒▒▒)▒ ▒··▒▒▒
▒······g@··▒ ▒·▒▒▒▒▒·····
▒▒▒▒▒▒▒▒▒▒·▒▒▒··········▒
▒▒···▒▒▒▒▒▒·▒▒·▒ ▒▒▒·▒
▒·▒▒·▒ ▒·▒ ▒·▒▒·▒ ▒·▒
▒·▒▒·▒ ▒·▒ ▒·▒▒·· ▒▒·▒▒
▒····· ▒···▒▒▒▒▒▒▒▒▒▒


You could see a hobgoblin.

Vanquished Creatures
  2 dart slugs (D:1)
  A ball python (D:1)
  2 bats (D:1)
  A giant cockroach (D:1)
  3 goblins (D:1)
  A hobgoblin (D:1)
  A frilled lizard (D:1)
  A rat (D:1)
12 creatures vanquished.

Notes
Turn   | Place    | Note
-------+----------+-------------------------------------------
     0 | D:1      | Azzok the Deep Elf Enchanter began the quest for the Orb.
     0 | D:1      | Reached XP level 1. HP: 10/10 MP: 6/6
   228 | D:1      | Reached XP level 2. HP: 11/15 MP: 6/8
   298 | D:1      | Learned a level 2 spell: Ensorcelled Hibernation
   569 | D:1      | Slain by a hobgoblin

Vault maps used:
D:1:      giann_bridges

Skill      XL: |  1  2 |
---------------+-------+-----
Stealth        | 4 |  4.0
Short Blades   | |  1.9
Dodging        | |  2.4
Spellcasting   | |  3.0
Hexes          | |  4.3

Action                   || total
-------------------------++-------
Melee: Dagger            ||    33
 Cast: Corona            ||     7
       Ensorcelled Hiber ||     4
 Stab: Sleeping          ||     6
Armor: Robe              ||     6
Dodge: Dodged            ||    28

Table legend:
 A = Spawn XP
 B = Non-spawn XP
 C = Spawn XP percentage of total XP
 D = Spawn monster count
 E = Non-spawn monster count
 F = Spawn count percentage of total count
 G = Total turns spent on level
                    A         B        C        D         E        F      G
               +---------+---------+-------+---------+---------+-------+---------
         Total |       0 |      25 |   0.0 |       0 |      12 |   0.0 |   569
               +---------+---------+-------+---------+---------+-------+---------
           D:1 |       0 |      25 |   0.0 |       0 |      12 |   0.0 |   569
               +---------+---------+-------+---------+---------+-------+---------
